Kradschützen Motorcycle Team
Construct Light Support Kompanie
Panzerjäger Mechanized Group
Selects L6/40 Light Tank Combat Group
Construct Panzerarmee Kommand
Selects Towed Cannone da 105/28 Field Howitzer
Selects Territory Booby Traps
Walking Stuka Rocket Launcher
Panzerjäger Mechanized Group
Selects Obice 305mm Barrage
Flak 36 Anti-tank Gun Team
Kradschützen Motorcycle Team
Flak 36 Anti-tank Gun Team